 Dungeon Sprint DCSS version bcrawl-1.20.1-3-gdcb1fc31ed (webtiles) character file.

Game seed: 15183279875786415092

268 Freyura the Zephyrmancer (level 6, -2/36 HPs)
             Began as a Fairy Air Elementalist on Feb 4, 2020.
             Was a Believer of Sif Muna.
             Slain by a slime creature (6 damage)
             ... in the Dungeon (Sprint IX: "|||||||||||||||||||||||||||||").
             The game lasted 00:02:42 (102 turns).

Freyura the Zephyrmancer (Fairy Air Elementalist)    Turns: 102, Time: 00:02:43

Health: -2/36      AC:  9    Str:  6    XL:     6   Next: 21%
Magic:  12/18      EV: 21    Int: 21    God:    Sif Muna [**....]
Gold:   0          SH:  5    Dex: 15    Spells: 19/20 levels left

rFire    . . .     SeeInvis .   m - staff of energy
rCold    . . .     Gourm    .   (shield currently unavailable)
rNeg     . . .     Faith    .   (armour unavailable)
rPois    .         Spirit   .   n - +0 helmet
rElec    .         Reflect  .   (no cloak)
rCorr    .         Harm     .   o - +0 pair of gloves
MR       .....     NoTele   +   (no boots)
Stlth    +.........             (no amulet)
HPRegen  0.12/turn              p - +2 ring of protection
MPRegen  0.16/turn              q - +3 ring of dexterity

@: flying evasively
A: small, magic attunement, unstealthy, unfitting armour, able to fly, AC/SH +5
a: Stop Flying, Divine Energy, Renounce Religion


You were in the Dungeon.
You worshipped Sif Muna.
Sif Muna was pleased with you.
You were not hungry.

You visited 1 branch

Inventory:

Armour
 n - a +0 helmet (worn)
 o - a +0 pair of gloves (worn)
Magical Staves
 m - an uncursed staff of energy (weapon)
Jewellery
 p - a +2 ring of protection (left hand)
 q - a +3 ring of dexterity (right hand)
Wands
 l - a wand of acid (10)
Scrolls
 i - 2 scrolls of blinking
 j - 3 scrolls of remove curse
 k - 2 scrolls of amnesia
Potions
 a - a potion of invisibility
 b - a potion of flight
 c - 3 potions of heal wounds
 d - 5 potions of curing
 f - a potion of haste
 g - 4 potions of magic
 h - a potion of berserk rage
Comestibles
 e - a ration {!d}


   Skills:
 + Level 6.6 Dodging
 - Level 1.5 Stealth
 * Level 7.9 Spellcasting
 * Level 7.5 Conjurations
 * Level 8.4 Air Magic
 + Level 3.6 Invocations


You had 19 spell levels left.
You knew the following spells:

 Your Spells              Type           Power        Failure   Level  Hunger
a - Shock                 Conj/Air       #####        1%          1    None

Your spell library contained the following spells:

 Spells                   Type           Power        Failure   Level  Hunger
 Static Discharge         Air            #####...     1%          3    None
 Swiftness                Chrm/Air       ####....     2%          2    None
 Airstrike                Air            #####.....   2%          4    None
 Lightning Bolt           Conj/Air       #####.....   9%          5    None


Dungeon Overview and Level Annotations

Branches:
Dungeon (1/1)

Altars:
Cheibriados
Dithmenos
Elyvilon
Fedhas
Gozag
Hepliaklqana
Kikubaaqudgha
Lugonu
Makhleb
Nemelex Xobeh
Okawaru
Qazlal
Ru
Sif Muna
Trog
Uskayaw
Vehumet
Wu Jian
Xom
Yredelemnul
Zin
The Shining One
Beogh
Jiyva


Innate Abilities, Weirdness & Mutations

Your spells do not cause hunger and MP costs are reduced by 1.
Your bright wings attract enemies. (Stealth-)
You cannot fit into any form of body armour.
Your shimmering scales are hard and can block incoming attacks. (AC +5, SH +5)
You are small and have problems with some larger weapons.
You can fly continuously.


Message History

The slime creature is heavily wounded.
The slime creature barely misses you.
Casting: Shock (safe; 1% risk of failure)
Confirm with . or Enter, or press ? or * to list all spells.
Aiming: Shock (safe; 1% risk of failure)
Press: ? - help, Shift-Dir - straight line, f/p - slime creature
Aim: a slime creature (heavily wounded)
The zap hits the slime creature.
The slime creature is severely wounded.
The slime creature hits you!
* * * LOW HITPOINT WARNING * * *
Casting: Shock (safe; 1% risk of failure)
Confirm with . or Enter, or press ? or * to list all spells.
Aiming: Shock (safe; 1% risk of failure)
Press: ? - help, Shift-Dir - straight line, f/p - slime creature
Aim: a slime creature (severely wounded)
The zap hits the slime creature.
The slime creature is almost dead.
The slime creature hits you.
You die...

▓.▓
▓.▓
▓)▓
▓.▓
▓.▓
▓[▓
▓.▓
▓.▓
▓@▓
▓J▓
▓.▓
▓.▓
▓.▓
▓)▓
▓.▓
▓+▓


You could see a slime creature.

Vanquished Creatures
  A troll (D)
  A worker ant (D)
  An adder (D)
  An ooze (D)
  A worm (D)
  A dart slug (D)
  A leopard gecko (D)
  An orc (D)
  2 ball pythons (D)
  A hobgoblin (D)
  A jackal (D)
  A frilled lizard (D)
  A jackal skeleton (D)
  A quokka zombie (D)
15 creatures vanquished.

Notes
Turn   | Place    | Note
-------+----------+-------------------------------------------
     0 | D        | Freyura the Fairy Air Elementalist began the quest for the
                  | Orb.
     0 | D        | Reached XP level 1. HP: 11/11 MP: 6/6
     6 | D        | Reached skill level 4 in Air Magic
     7 | D        | Reached XP level 2. HP: 17/17 MP: 6/8
    26 | D        | Found a roughly hewn altar of Beogh.
    26 | D        | Found a snail-covered altar of Cheibriados.
    26 | D        | Found a shadowy altar of Dithmenos.
    26 | D        | Found a white marble altar of Elyvilon.
    26 | D        | Found a blossoming altar of Fedhas.
    26 | D        | Found an opulent altar of Gozag.
    27 | D        | Found a hazy altar of Hepliaklqana.
    28 | D        | Found a viscous altar of Jiyva.
    29 | D        | Found an ancient bone altar of Kikubaaqudgha.
    30 | D        | Found a corrupted altar of Lugonu.
    31 | D        | Found a burning altar of Makhleb.
    32 | D        | Found a sparkling altar of Nemelex Xobeh.
    33 | D        | Found an iron altar of Okawaru.
    34 | D        | Found a stormy altar of Qazlal.
    35 | D        | Found a sacrificial altar of Ru.
    36 | D        | Found a shimmering blue altar of Sif Muna.
    37 | D        | Found a bloodstained altar of Trog.
    38 | D        | Found a hide-covered altar of Uskayaw.
    39 | D        | Found a radiant altar of Vehumet.
    40 | D        | Found an ornate altar of the Wu Jian Council.
    41 | D        | Found a shimmering altar of Xom.
    42 | D        | Found a basalt altar of Yredelemnul.
    43 | D        | Found a glowing silver altar of Zin.
    44 | D        | Became a worshipper of Sif Muna the Loreminder
    45 | D        | Found a glowing golden altar of the Shining One.
    87 | D        | Noticed a slime creature
    87 | D        | Noticed a troll
    91 | D        | Reached skill level 5 in Air Magic
    91 | D        | Reached XP level 3. HP: 21/21 MP: 10/10
    95 | D        | Reached * piety under Sif Muna
    95 | D        | Reached skill level 5 in Spellcasting
    95 | D        | Reached skill level 1 in Invocations
    98 | D        | Killed a troll
    98 | D        | Identified Bistib's Handbook of the Entrancing Traveller
                  | (Sif Muna gifted it to you in the Dungeon)
    98 | D        | Received a gift from Sif Muna
    98 | D        | Received a gift from Sif Muna
    98 | D        | Reached ** piety under Sif Muna
    98 | D        | Reached skill level 8 in Air Magic
    98 | D        | Reached XP level 4. HP: 15/27 MP: 10/15
    98 | D        | Reached XP level 5. HP: 17/31 MP: 11/17
    98 | D        | Reached XP level 6. HP: 20/36 MP: 11/18
   102 | D        | Slain by a slime creature

Skill      XL: |  1  2  3 |
---------------+----------+-----
Dodging        | 3 4 6 |  6.6
Spellcasting   | 3 4 7 |  7.9
Conjurations   | 2 3 7 |  7.5
Air Magic      | 4 5 8 |  8.4
Invocations    | 3 |  3.6
Stealth        | |  1.5

Action                   |  1- 3 |  4- 6 || total
-------------------------+-------+-------++-------
 Cast: Shock             |    18 |     5 ||    23
Armor: Skin              |     1 |       ||     1
Dodge: Dodged            |     9 |     2 ||    11
Block: Other             |     1 |       ||     1
